 Dungeon Sprint DCSS version 0.24.1-14-gf8d2b509d9 (webtiles) character file.

Game seed: 631033515445816823, levelgen mode: deterministic

1492 Chiseanne the Cultivator (level 8, 0/56 HPs)
             Began as a Demonspawn Assassin on June 2, 2020.
             Was a Believer of Fedhas.
             Slain by a demonic crawler (8 damage)
             ... in the Dungeon (Sprint I: "Red Sonja").
             The game lasted 00:07:41 (878 turns).

Chiseanne the Cultivator (Demonspawn Assassin)       Turns: 878, Time: 00:07:41

Health: 0/56       AC: 12    Str: 11    XL:     8   Next: 51%
Magic:  19/19      EV: 16    Int: 13    God:    Fedhas [**....]
Gold:   13         SH:  0    Dex: 17    Spells: 7/7 levels left

rFire    . . .     SeeInvis .   a - +2 short sword (drain)
rCold    . . .     Gourm    .   (no shield)
rNeg     . . .     Faith    .   n - +3 troll leather armour
rPois    .         Spirit   .   (no helmet)
rElec    .         Reflect  .   m - +2 cloak
rCorr    .         Harm     .   (no gloves)
MR       .....     NoTele   +   (no boots)
Stlth    +++++.....             (no amulet)
HPRegen  0.58/turn              (no ring)
MPRegen  0.16/turn              (no ring)

@: no status effects
A: claws 1, iridescent scales 1, foul stench 1, powered by death 1, rot immunity
a: Wall of Briars, Renounce Religion


You were in the Dungeon.
You worshipped Fedhas.
Fedhas was pleased with you.
You were not hungry.

You visited 1 branch You collected 859 gold pieces.
You spent 846 gold pieces at shops.

Inventory:

Hand Weapons
 a - a +2 short sword of draining (weapon)
Missiles
 b - 6 arrows
 d - 8 poisoned darts (quivered)
 e - 11 curare-tipped darts
Armour
 m - a +2 cloak (worn)
 n - a +3 troll leather armour (worn)
Wands
 k - a wand of polymorph (7)
Scrolls
 i - 4 scrolls of remove curse
 l - a scroll of blinking
 p - 2 scrolls of fog
 q - 3 scrolls of identify
Potions
 j - 2 potions of magic
Comestibles
 f - 3 rations


   Skills:
 - Level 2.0 Fighting
 - Level 6.7 Short Blades
 - Level 1.7 Throwing
 - Level 6.5 Dodging
 - Level 10.6 Stealth
 + Level 15.6 Invocations


You had 7 spell levels left.
You didn't know any spells.
Your spell library was empty.

Dungeon Overview and Level Annotations

Branches:
Dungeon (1/1)

Altars:
Cheibriados
Dithmenos
Elyvilon
Fedhas
Gozag
Hepliaklqana
Kikubaaqudgha
Makhleb
Nemelex Xobeh
Okawaru
Qazlal
Ru
Sif Muna
Trog
Uskayaw
Vehumet
Wu Jian
Xom
Yredelemnul
Zin
The Shining One
Jiyva
Lugonu

Shops:
D :[


Innate Abilities, Weirdness & Mutations

You have sharp fingernails.
You are partially covered in iridescent scales. (AC +2)
You may emit foul miasma when damaged in melee.
You regenerate a little health from kills.
You are immune to rotting.


Message History

The demonic crawler hits you but does no damage. x3
You hit the demonic crawler.
The demonic crawler is lightly wounded.
The demonic crawler barely misses you. The demonic crawler hits you!
* * * LOW HITPOINT WARNING * * *
The demonic crawler hits you but does no damage.
The demonic crawler hits you!
* * * LOW HITPOINT WARNING * * *
You emit a cloud of foul miasma!
The demonic crawler completely misses you.
The demonic crawler hits you but does no damage.
You hit the demonic crawler.
The demonic crawler is moderately wounded.
The demonic crawler closely misses you. x2
The demonic crawler barely misses you.
You barely miss the demonic crawler.
The demonic crawler is moderately wounded.
The demonic crawler hits you!
You die...
Fedhas appreciates your contribution to the ecosystem.

##########################
#<.#..)..#.sss.#__#.))...#
#..'[.#..'@.#..'..'..#...##
#..#####'#####'#__####..s'.
#..####..#...#.#### #####s
#..#__####..##.#§§≈§
#..#_____##'#_.+§≈§
#⌠⌠#_.∩...'.÷._#≈≈§§
####_..__##_.#'##+###
#_____###'#.#).(.###
############)####'###.##


You could see 3 demonic crawlers.

Vanquished Creatures
  A deep troll (D)
  A kobold demonologist (D)
  A slime creature (D)
  A yak (D)
  A fire bat (D)
  A floating eye (D)
  A tengu (D)
  A jelly (D)
  Ijyb (D)
  A river rat (D)
  A frilled lizard (D)
11 creatures vanquished.

Vanquished Creatures (others)
  A gargoyle (D)
1 creature vanquished.

Grand Total: 12 creatures vanquished

Notes
Turn   | Place    | Note
-------+----------+-------------------------------------------
     0 | D        | Chiseanne the Demonspawn Assassin began the quest for the
                  | Orb.
     0 | D        | Reached XP level 1. HP: 16/16 MP: 1/1
     1 | D        | Noticed Ijyb
    14 | D        | Killed Ijyb
    14 | D        | Reached skill level 5 in Stealth
    14 | D        | Gained mutation: You regenerate a little health from kills.
                  | [demonic ancestry]
    14 | D        | Reached XP level 2. HP: 22/22 MP: 2/2
    40 | D        | Noticed an ogre
    46 | D        | Noticed a tengu
    46 | D        | an ogre changed into a tengu
    58 | D        | Killed a tengu
    58 | D        | Gained mutation: You are immune to rotting. [demonic
                  | ancestry]
    58 | D        | Reached XP level 3. HP: 11/27 MP: 3/3
    58 | D        | Gained mutation: You are partially covered in iridescent
                  | scales. (AC +2) [demonic ancestry]
    58 | D        | Reached XP level 4. HP: 14/33 MP: 4/4
   251 | D        | Noticed Sigmund
   252 | D        | Noticed Sigmund
   252 | D        | Sigmund changed into Sigmund the river rat
   263 | D        | Killed Sigmund the river rat
   289 | D        | Found a shimmering blue altar of Sif Muna.
   290 | D        | Found an ornate altar of the Wu Jian Council.
   291 | D        | Found a radiant altar of Vehumet.
   295 | D        | Reached XP level 5. HP: 38/38 MP: 5/5
   319 | D        | Found Cetocese's Book Emporium.
   319 | D        | Found an ancient bone altar of Kikubaaqudgha.
   319 | D        | Found a hazy altar of Hepliaklqana.
   319 | D        | Found a hide-covered altar of Uskayaw.
   319 | D        | Found a basalt altar of Yredelemnul.
   319 | D        | Found an opulent altar of Gozag.
   319 | D        | Found a snail-covered altar of Cheibriados.
   319 | D        | Found a sacrificial altar of Ru.
   319 | D        | Found a shadowy altar of Dithmenos.
   319 | D        | Noticed a yak
   320 | D        | Found a stormy altar of Qazlal.
   320 | D        | Found a blossoming altar of Fedhas.
   320 | D        | Found a bloodstained altar of Trog.
   320 | D        | Found an iron altar of Okawaru.
   320 | D        | Found a glowing golden altar of the Shining One.
   320 | D        | Found a glowing silver altar of Zin.
   320 | D        | Found a white marble altar of Elyvilon.
   321 | D        | Killed a yak
   321 | D        | Reached skill level 5 in Dodging
   321 | D        | Gained mutation: You may emit foul miasma when damaged in
                  | melee. [demonic ancestry]
   321 | D        | Reached XP level 6. HP: 44/44 MP: 6/6
   322 | D        | Found a sparkling altar of Nemelex Xobeh.
   325 | D        | Became a worshipper of Fedhas Madash
   333 | D        | Noticed Sonja
   336 | D        | Noticed Sonja
   336 | D        | Sonja changed into Sonja the fire bat
   345 | D        | Killed Sonja the fire bat
   345 | D        | Reached skill level 10 in Stealth
   369 | D        | Found Jischuru's Magic Scroll Boutique.
   417 | D        | Noticed a deep troll
   424 | D        | Killed a deep troll
   424 | D        | Reached skill level 12 in Invocations
   424 | D        | Reached XP level 7. HP: 26/50 MP: 6/16
   449 | D        | Killed a gargoyle
   608 | D        | Found a viscous altar of Jiyva.
   608 | D        | Found a corrupted altar of Lugonu.
   608 | D        | Noticed a slime creature
   609 | D        | Found a burning altar of Makhleb.
   609 | D        | Found a shimmering altar of Xom.
   623 | D        | Killed a slime creature
   623 | D        | Reached * piety under Fedhas
   623 | D        | Reached skill level 13 in Invocations
   623 | D        | Gained mutation: You have sharp fingernails. [demonic
                  | ancestry]
   623 | D        | Reached XP level 8. HP: 46/56 MP: 16/18
   671 | D        | Bought a scroll of enchant armour for 90 gold pieces
   671 | D        | Bought a scroll of remove curse for 36 gold pieces
   671 | D        | Bought 2 scrolls of torment for 180 gold pieces
   671 | D        | Bought a scroll of fog for 24 gold pieces
   671 | D        | Bought a scroll of remove curse for 36 gold pieces
   671 | D        | Bought a scroll of identify for 24 gold pieces
   671 | D        | Bought a scroll of identify for 24 gold pieces
   671 | D        | Bought a scroll of fog for 24 gold pieces
   671 | D        | Bought 2 scrolls of remove curse for 72 gold pieces
   671 | D        | Bought a scroll of identify for 24 gold pieces
   671 | D        | Bought a scroll of identify for 24 gold pieces
   671 | D        | Bought a scroll of vulnerability for 90 gold pieces
   696 | D        | Found Goom's Armour Emporium.
   703 | D        | Bought a +2 cloak for 198 gold pieces
   739 | D        | Noticed a kobold demonologist
   740 | D        | Noticed a kobold demonologist
   745 | D        | Paralysed by a floating eye for 3 turns
   751 | D        | Noticed a red devil
   751 | D        | Reached skill level 14 in Invocations
   752 | D        | Noticed a smoke demon
   756 | D        | Noticed a hellwing
   760 | D        | Killed a kobold demonologist
   760 | D        | Reached skill level 15 in Invocations
   760 | D        | Noticed an orange demon
   779 | D        | HP: 1/56 [kobold demonologist/+3 dagger (2)]
   781 | D        | a kobold demonologist changed into a frilled lizard
   782 | D        | Reached ** piety under Fedhas
   857 | D        | Noticed a demonic crawler
   857 | D        | Noticed a demonic crawler
   857 | D        | Noticed a demonic crawler
   857 | D        | Noticed a demonic crawler
   878 | D        | Slain by a demonic crawler

Levels and vault maps discovered:
D:        dungeon_sprint_1 [red_sonja_temple_1, red_sonja_temple_small_1]

Skill      XL: |  1  2  3  4  5  6  7  8 |
---------------+-------------------------+-----
Short Blades   | 3 4 6 |  6.7
Dodging        | 2 4 5 6 |  6.5
Stealth        | 5 7 8 9 10 | 10.6
Invocations    | 12 13 15 | 15.6
Fighting       | |  2.0
Throwing       | |  1.7

Action                   |  1- 3 |  4- 6 |  7- 9 || total
-------------------------+-------+-------+-------++-------
Melee: Unarmed           |    10 |       |       ||    10
       Dagger            |    15 |    17 |       ||    32
       Short sword       |       |       |    44 ||    44
Throw: Dart              |       |     1 |       ||     1
Evoke: Wand              |     2 |     5 |    11 ||    18
  Use: Potion            |     2 |     1 |     3 ||     6
       Scroll            |       |       |     4 ||     4
 Stab: Sleeping          |       |     2 |       ||     2
Armor: Leather armour    |     6 |     2 |       ||     8
       Robe              |       |     4 |       ||     4
       Troll leather arm |       |       |    34 ||    34
Dodge: Dodged            |    19 |    10 |    70 ||    99
